 Dungeon Crawl Stone Soup version 0.20-a0-870-g4070442 (webtiles) character file.

15411 4thArraOfDagon the Grappler (level 12, -2/104 HPs)
             Began as a Troll Wanderer on Mar 13, 2017.
             Was a High Priest of Okawaru.
             Slain by a cyan ugly thing (17 damage)
             ... on level 14 of the Dungeon.
             The game lasted 00:22:33 (4593 turns).

4thArraOfDagon the Grappler (Troll Wanderer)        Turns: 4593, Time: 00:22:33

Health: -2/104     AC:  7    Str: 20    XL:     12   Next: 1%
Magic:  15/17      EV: 16    Int: 13    God:    Okawaru [*****.]
Gold:   424        SH:  0    Dex: 11    Spells: 8/11 levels left

rFire    . . .     SeeInvis +     - Unarmed
rCold    . . .     Gourm    +   C - +2 robe {MR+}
rNeg     + . .     Faith    .   (no shield)
rPois    .         Spirit   .   (helmet restricted)
rElec    .         Reflect  .   (no cloak)
rCorr    .         Harm     .   (gloves unavailable)
MR       +....                  (boots unavailable)
Stlth    +++.......             (no amulet)
Regen    0.7/turn               P - ring of positive energy
MPRegen  0.2/turn               Q - ring of see invisible (curse)

@: about to teleport, heroism
A: unfitting armour, claws 3, fast metabolism 3, gourmand, regeneration 1,
screaming 1, shaggy fur 1, tough skin 2
a: Heroism, Finesse, Renounce Religion


You were on level 14 of the Dungeon.
You worshipped Okawaru.
Okawaru was extremely pleased with you.
You were full.

You visited 1 branch of the dungeon, and saw 14 of its levels.
You also visited: Sewer.

You collected 424 gold pieces.

Inventory:

Hand Weapons
 e - a +0 dagger
 t - the +10 long sword of Valiance {elec, rPois rF+, unknown}
   (You found it on level 5 of the Dungeon)

   Occasionally, upon striking a foe, it will discharge some electrical energy
   and cause terrible harm.
   It protects you from fire.
   It protects you from poison.
 L - a +0 blowgun
Missiles
 M - 15 curare-tipped needles
Armour
 c - a +0 robe
 C - a +2 robe of magic resistance (worn)
 R - a +0 troll leather armour
Magical Staves
 m - an uncursed staff of power {unknown}
 S - an uncursed staff of death {unknown}
Jewellery
 y - an uncursed ring of fire
 H - an uncursed ring of flight
 K - a +6 ring of intelligence
 P - a ring of positive energy (right claw)
 Q - a cursed ring of see invisible (left claw)
Wands
 w - a wand of flame (12/48)
 B - a wand of iceblast (12/15)
 G - a wand of lightning (7/15)
 I - a wand of random effects (27/48)
 N - a wand of digging (17/24)
 O - a wand of paralysis (4/24)
 T - a wand of iceblast (4/15)
Scrolls
 b - 5 scrolls of teleportation
 d - a scroll of recharging {unknown}
 j - 9 scrolls of identify {unknown}
 k - a scroll of brand weapon {unknown}
 l - 2 scrolls of remove curse {unknown}
 o - 3 scrolls of enchant armour {unknown}
 p - 2 scrolls of immolation {unknown}
 q - a scroll of blinking {unknown}
 r - 3 scrolls of silence {unknown}
 s - 4 scrolls of amnesia {unknown}
 u - a scroll of fear {unknown}
 A - 2 scrolls of magic mapping {unknown}
 D - 2 scrolls of random uselessness {unknown}
 F - a scroll of noise {unknown}
Potions
 g - 2 potions of magic
 v - a potion of ambrosia {unknown}
 x - a potion of flight {unknown}
 z - 2 potions of brilliance {unknown}
 E - a potion of invisibility {unknown}
 J - a potion of resistance {unknown}
Books
 a - a book of Frost

   Spells                             Type                      Level
   a - Freeze                         Ice                          1
   b - Throw Frost                    Conjuration/Ice              2
   c - Ozocubu's Armour               Charms/Ice                   3
   d - Throw Icicle                   Conjuration/Ice              4
   e - Summon Ice Beast               Ice/Summoning                4
 h - a book of Battle

   Spells                             Type                      Level
   a - Infusion                       Charms                       1
   b - Shroud of Golubria             Charms/Translocation         2
   c - Song of Slaying                Charms                       2
   d - Spectral Weapon                Hexes/Charms                 3
   e - Regeneration                   Charms/Necromancy            3
Comestibles
 f - 3 bread rations
 i - 2 meat rations
 n - a royal jelly


   Skills:
 - Level 2.4(7.4) Fighting
 + Level 7.4(12.4) Dodging
 - Level 1.0(6.0) Stealth
 * Level 14.1(19.1) Unarmed Combat
   Level 1.0 Ice Magic
   Level 1.2 Air Magic
 + Level 8.8 Invocations
 - Level 1.0 Evocations


You had 8 spell levels left.
You knew the following spells:

 Your Spells              Type           Power        Failure   Level  Hunger
a - Regeneration          Chrm/Necr      #.........   86%         3    ####...


Dungeon Overview and Level Annotations

Branches:
Dungeon (14/15)              Lair (0/6) D:11
 Temple: D:4-7          Orc: D:9-12      Vaults: D:13-14

Altars:
Gozag
Okawaru

Shops:
D:5 (

Annotations:
D:2 Terence
D:12 Shenda's ghost, journeyman DrBe


Innate Abilities, Weirdness & Mutations

You are too large for most types of armour.
You have claws for hands.
Your metabolism is lightning-fast.
You like to eat raw meat.
Your natural rate of healing is unusually fast.
You are covered in fur. (AC +1)
You have very tough skin. (AC +2)
You occasionally shout uncontrollably at your foes.


Message History

The cyan ugly thing pecks you! The cyan ugly thing shocks you!
The cyan ugly thing basks in the mutagenic energy from its kin and changes!
Unknown command.
The brown ugly thing closely misses you.
Found a scroll labeled WAEZXE AZOUPOW.
A slime creature comes into view.
Unknown command.
Okay, then.
You claw the tengu warrior!
The tengu warrior is moderately wounded.
The cyan ugly thing stings you! The cyan ugly thing shocks you!
Two slime creatures merge to form a large slime creature.
The tengu warrior hits you with a war axe!
* * * LOW HITPOINT WARNING * * *
The tengu warrior barely misses you. The tengu warrior claws you.
* * * LOW HITPOINT WARNING * * *
The cyan ugly thing pecks you!
* * * LOW HITPOINT WARNING * * *
The cyan ugly thing shocks you!
You die...

.......#
#...$..#
##......#
#.......#
#..<...#
#####u### .
#....uu.# .?.
##...u.u#J....
#....u@QJJ.....
#..######5.....
#.. ...... #.
..... #. .....
.... ....


You could see 6 ugly things, a large slime creature, 2 slime creatures, a tengu
warrior and a shadow imp.

Vanquished Creatures
  2 two-headed ogres
  8 wizards (D:11)
  A deep elf mage (D:13)
  An orc knight (D:10)
  2 ugly things
  A gargoyle (D:12)
  3 centaur skeletons
  2 kobold demonologists (D:11)
  2 trolls
  2 hippogriffs
  Grinder (D:3)
  2 slime creatures
  Sigmund (D:5)
  3 shadows
  5 yaks
  2 hungry ghosts
  Edmund (D:6)
  A warg (D:10)
  A soldier ant (D:11)
  A water moccasin (D:9)
  5 orc warriors
  2 ice beasts
  A sky beast (D:10)
  A black bear (D:11)
  A phantom (D:7)
  An ogre (D:4)
  4 centaurs
  7 bullfrogs
  4 big kobolds
  A wyvern zombie (D:11)
  A gnoll sergeant (D:8)
  A scorpion (D:11)
  3 wights
  3 electric eels
  2 howler monkeys
  4 crimson imps
  A bullfrog zombie (D:8)
  A centaur zombie (D:5)
  A bullfrog skeleton (D:12)
  4 jellies
  7 orc priests
  10 hounds
  An iguana (D:9)
  13 orc wizards
  6 worker ants
  A hound zombie (D:8)
  A worker ant zombie (D:6)
  4 gnolls (D:8)
  6 adders
  2 shadow imps (D:11)
  2 adder skeletons
  An adder zombie (D:5)
  A dart slug (D:3)
  4 leopard geckos
  37 orcs
  8 giant cockroaches
  2 hobgoblins
  4 jackals
  A quokka (D:9)
  4 ball pythons
  5 frilled lizards (Sewer)
  7 goblins
  2 jackal zombies
  10 kobolds
  A leopard gecko skeleton (D:4)
  3 rats (D:3)
233 creatures vanquished.

Notes
Turn   | Place    | Note
-------+----------+-------------------------------------------
     0 | D:1      | 4thArraOfDagon the Troll Wanderer began the quest for the Orb.
     0 | D:1      | 4thArraOfDagon set off with: a book of Frost, 2 scrolls of teleportation, a +0 robe, a +0 club, a +0 dagger, 2 bread rations
     0 | D:1      | Reached XP level 1. HP: 22/22 MP: 0/0
    20 | D:2      | Noticed Terence
   126 | D:4      | Reached skill level 1 in Unarmed Combat
   141 | D:4      | Reached XP level 2. HP: 24/29 MP: 1/1
   208 | D:4      | Noticed an ogre
   214 | D:4      | Killed an ogre
   214 | D:4      | Reached skill level 4 in Unarmed Combat
   214 | D:4      | Reached XP level 3. HP: 22/36 MP: 2/2
   214 | D:4      | Reached XP level 4. HP: 27/44 MP: 3/3
   264 | D:4      | Reached XP level 5. HP: 37/50 MP: 4/4
   310 | D:4      | Reached skill level 5 in Unarmed Combat
   350 | D:5      | Entered Level 5 of the Dungeon
   351 | D:5      | Found an iron altar of Okawaru.
   358 | D:5      | Became a worshipper of Warmaster Okawaru
   359 | D:5      | Noticed Sigmund
   378 | D:5      | Killed Sigmund
   378 | D:5      | Reached skill level 6 in Unarmed Combat
   378 | D:5      | Reached skill level 1 in Invocations
   378 | D:5      | Reached XP level 6. HP: 43/59 MP: 4/6
   400 | D:5      | Learned a level 3 spell: Regeneration
   609 | D:3      | Found a glowing drain.
   629 | Sewer    | Entered a sewer
   730 | Sewer    | Reached * piety under Okawaru
   841 | Sewer    | Reached XP level 7. HP: 25/66 MP: 7/7
   897 | D:3      | Found an opulent altar of Gozag.
   912 | D:3      | Noticed Grinder
   929 | D:3      | Killed Grinder
   929 | D:3      | Reached ** piety under Okawaru
   929 | D:3      | Reached skill level 7 in Unarmed Combat
  1108 | D:5      | Found Uthepn's Antique Weapon Shop.
  1258 | D:5      | Got a brightly glowing long sword
  1377 | D:6      | Noticed Edmund
  1385 | D:6      | Killed Edmund
  1385 | D:6      | Reached skill level 8 in Unarmed Combat
  1385 | D:6      | Reached XP level 8. HP: 71/74 MP: 6/9
  1659 | D:7      | Reached *** piety under Okawaru
  1711 | D:8      | Reached skill level 9 in Unarmed Combat
  1865 | D:8      | Noticed a two-headed ogre
  1879 | D:8      | Killed a two-headed ogre
  1879 | D:8      | Reached **** piety under Okawaru
  1879 | D:8      | Reached skill level 10 in Unarmed Combat
  1879 | D:8      | Reached skill level 5 in Invocations
  1879 | D:8      | Reached XP level 9. HP: 8/80 MP: 8/11
  2220 | D:10     | Entered Level 10 of the Dungeon
  2355 | D:10     | Reached skill level 11 in Unarmed Combat
  2381 | D:10     | Reached ***** piety under Okawaru
  2389 | D:10     | Reached XP level 10. HP: 75/88 MP: 11/13
  2541 | D:10     | Reached skill level 5 in Dodging
  2700 | D:11     | Noticed an orc knight
  2776 | D:12     | Noticed a seven-headed hydra
  2850 | D:12     | Noticed a two-headed ogre
  2860 | D:12     | Killed a two-headed ogre
  2860 | D:12     | Reached skill level 12 in Unarmed Combat
  2875 | D:12     | Noticed a red ugly thing
  2891 | D:12     | Killed a red ugly thing
  2891 | D:12     | Received a gift from Okawaru
  2897 | D:12     | Noticed Shenda's ghost (journeyman DrBe)
  2934 | D:11     | Gained mutation: You occasionally shout uncontrollably at your foes. [mutagenic meat]
  2938 | D:11     | Found a staircase to the Lair.
  2990 | D:11     | Noticed a wizard
  3012 | D:10     | Killed an orc knight
  3072 | D:10     | Reached XP level 11. HP: 47/94 MP: 15/15
  3517 | D:11     | Killed a wizard
  3599 | D:11     | Noticed a wizard
  3607 | D:11     | Killed a wizard
  3607 | D:11     | Reached skill level 13 in Unarmed Combat
  3621 | D:11     | Noticed a wizard
  3623 | D:11     | Noticed a wizard
  3629 | D:11     | Killed a wizard
  3634 | D:11     | Killed a wizard
  3646 | D:11     | Noticed a wizard
  3660 | D:11     | Killed a wizard
  3737 | D:11     | Noticed a wizard
  3743 | D:11     | Noticed a wizard
  3745 | D:11     | Killed a wizard
  3761 | D:11     | Killed a wizard
  3793 | D:11     | Noticed a wizard
  3797 | D:11     | Killed a wizard
  3973 | D:12     | Received a gift from Okawaru
  4218 | D:13     | Noticed a brown ugly thing
  4223 | D:13     | Killed a brown ugly thing
  4223 | D:13     | Reached skill level 14 in Unarmed Combat
  4524 | D:13     | Noticed a deep elf mage
  4550 | D:13     | Killed a deep elf mage
  4550 | D:13     | Reached XP level 12. HP: 104/104 MP: 14/17
  4578 | D:13     | Noticed a five-headed hydra
  4588 | D:14     | Noticed a tengu warrior
  4593 | D:14     | Slain by a cyan ugly thing

Vault maps used:
D:1:      doesnt_arrival_goblin_jail, minmay_tromino_i4
D:2:      first_bread, uniq_terence
D:3:      grunt_gozag_statues, portal_sewer_entry_c, uniq_grinder
D:4:      kennysheep_the_goblin_king
D:5:      basic_altar, serial_shops, shop_statue, kennysheep_pointless_box,
          uniq_sigmund
D:6:      temple_fountains, uniq_edmund
D:9:      blue_anna_alchemist
D:10:     kennysheep_blocky_hall, david_orc_4, uniq_maurice
D:11:     minmay_smoke_and_mirrors, erik_lair_island
D:12:     kennysheep_generic_room_6
D:13:     minmay_elf_outpost, grunt_ministairs_14, uniq_kirke
D:14:     grunt_vaults_entry_tiered, serial_park_square3, minivault_16,
          uniq_urug, uniq_agnes
Sewer:    sewer_frog_island_01

Skill      XL: |  1  2  3  4  5  6  7  8  9 10 11 |
---------------+----------------------------------+-----
Unarmed Combat | 1 4 6 8 10 11 12 14 | 14.1
Invocations    | 1 2 3 5 6 7 8 |  8.8
Dodging        | 3 4 6 7 |  7.4
Fighting       | |  2.4
Stealth        | |  1.0
Ice Magic      | |  1.0
Air Magic      | |  1.2
Evocations     | |  1.0

Action                   |  1- 3 |  4- 6 |  7- 9 | 10-12 || total
-------------------------+-------+-------+-------+-------++-------
Melee: Unarmed           |    44 |   115 |   205 |   330 ||   694
       Punch             |       |     1 |     7 |    23 ||    31
Throw: Throwing net      |       |       |       |     3 ||     3
Invok: Heroism           |       |       |    11 |    26 ||    37
Evoke: Wand              |       |       |       |     8 ||     8
  Use: Scroll            |     1 |       |     1 |     2 ||     4
       Potion            |     1 |       |     4 |       ||     5
 Stab: Sleeping          |       |       |       |     3 ||     3
  Eat: Chunk             |       |    12 |    20 |    21 ||    53
Armor: Robe              |    18 |    29 |    33 |    50 ||   130
Dodge: Dodged            |    14 |    61 |    90 |   152 ||   317
